AoeStats
← ML16798

MegaRandom

510000431Analyzed
3v3 RM · 3d ago on Sep 29, 2026· 39m 59s· 6 players
Game mode
Random Map
Map size
Normal (6 player)
Population
200
Speed
Normal
Resources
Standard
Victory
Conquest
Starting age
Dark Age
Ending age
Imperial Age
RankedLock teamsTeams togetherTeam positionsShared explorationLock speedFull tech treeHidden civsTurbo modeCheats
Victory
Defeat
🇲🇽 Italians · Mexico
986
+16
🇲🇽 Burgundians · Mexico
986
+16
🇲🇽 Teutons · Mexico
986
+16
🇨🇴 Poles · Colombia
997
-16
🇵🇱 Danes · Poland
990
-16
🇦🇷 Bulgarians · Argentina
982
-16
ML16798
1:50 Loom
12:22 Feudal Age
12:53 Town Watch
12:58 Double-Bit Axe
12:56 Horse Collar
14:41 Bloodlines
16:00 Scale Barding Armor
16:57 Scale Mail Armor
19:06 Forging
22:13 Castle Age
21:48 Stone Mining
21:54 Gold Mining
21:59 Fletching
23:20 Town Patrol
24:55 Wheelbarrow
24:41 Squires
29:17 Chain Barding Armor
30:11 Heavy Plow
32:20 Chain Mail Armor
33:42 Husbandry
35:08 Bow Saw
36:08 Arson
37:37 Gold Shaft Mining
38:05 Iron Casting
37:51 Stirrups
38:36 Bodkin Arrow
Yogurtu Mghe
0:35 Loom
11:43 Feudal Age
11:59 Man-at-Arms
18:18 Castle Age
16:36 Double-Bit Axe
17:55 Bloodlines
17:57 Forging
18:36 Scale Barding Armor
19:30 Wheelbarrow
25:57 Hand Cart
27:01 Chain Barding Armor
27:22 Husbandry
29:48 Iron Casting
30:08 Horse Collar
Viking
4:57 Loom
14:49 Feudal Age
21:28 Castle Age
Cadeniuxx
0:45 Loom
11:43 Feudal Age
12:29 Double-Bit Axe
13:47 Man-at-Arms
14:13 Arson
16:08 Horse Collar
16:21 Gold Mining
19:05 Wheelbarrow
19:50 Man-at-Arms
20:16 Arson
29:42 Castle Age
40:08 Heavy Plow
40:19 Bow Saw
Coconut
0:37 Loom
7:06 Double-Bit Axe
12:46 Fishing Lines
19:35 Feudal Age
20:58 Gillnets
21:21 Bow Saw
21:36 Forging
21:30 Scale Mail Armor
24:09 Castle Age
23:50 Gold Mining
24:22 Cavalier
25:02 Husbandry
27:20 Gold Shaft Mining
28:03 Iron Casting
27:43 Chain Mail Armor
27:59 Scale Barding Armor
31:41 Chain Barding Armor
35:42 Two-Man Saw
37:39 Imperial Age
35:42 Pikeman
36:15 Treadmill Crane
36:56 Squires
37:05 Stone Mining
39:50 Capped Ram
41:32 Blast Furnace
40:48 Chain Mail Armor
Deward
0:27 Loom
12:14 Feudal Age
12:54 Double-Bit Axe
14:57 Wheelbarrow
17:06 Town Watch
18:07 Fletching
18:05 Horse Collar
24:12 Castle Age
22:33 Gold Mining
22:48 Padded Archer Armor
24:30 Crossbowman
27:28 Bodkin Arrow
28:15 Ballistics
32:40 Leather Archer Armor
32:32 Thumb Ring
33:16 Treadmill Crane
34:59 Murder Holes
35:00 Stone Mining
36:05 Masonry
36:23 Hand Cart
Connection lost

Rejoining the realm…

Still unreachable

The connection could not be restored.

Session expired

The server has moved on; the page needs a fresh start.